 Dungeon Crawl Stone Soup version 0.20-a0-736-gd3249da (webtiles) character file.

67696 KrozogBurug the Basher (level 15, -1/150 HPs)
             Began as an Ogre Wizard on Feb 23, 2017.
             Was a High Priest of Vehumet.
             Engulfed by a cloud of freezing vapour (28 damage)
             ... on level 6 of the Lair of Beasts.
             The game lasted 02:09:19 (37050 turns).

KrozogBurug the Basher (Ogre Wizard)               Turns: 37050, Time: 02:09:20

Health: -1/150     AC: 13    Str: 15    XL:     15   Next: 24%
Magic:  33/38      EV:  9    Int: 31    God:    Vehumet [*****.]
Gold:   937        SH:  2    Dex: 10    Spells: 6/30 levels left

rFire    . . .     SeeInvis .   J - +3 great mace "Ugoidun" {crush, MP+9 Int+4 Dex+3}
rCold    . . .     Gourm    .   b - +0 troll leather armour
rNeg     . . .     Faith    .   (shield currently unavailable)
rPois    .         Spirit   .   W - +2 hat {Int+3}
rElec    .         Reflect  +   M - +1 cloak
rCorr    .         Harm     .   (gloves unavailable)
MR       +....                  (boots unavailable)
Stlth    +.........             u - +2 amulet of reflection
Regen    0.8/turn               Z - ring of wizardry
MPRegen  0.3/turn               s - +4 ring of protection

@: very slightly contaminated, invisible
A: unfitting armour, high mp 1, robust 1, tough skin 1
a: Renounce Religion


You were on level 6 of the Lair of Beasts.
You worshipped Vehumet.
Vehumet was extremely pleased with you.
You were near starving.

You visited 4 branches of the dungeon, and saw 22 of its levels.
You also visited: Sewer.

You collected 1121 gold pieces.
You spent 184 gold pieces at shops.

Inventory:

Hand Weapons
 J - the +3 great mace "Ugoidun" (weapon) {crush, MP+9 Int+4 Dex+3}
   (You bought it in a shop on level 10 of the Dungeon)

   It inflicts extra damage upon your enemies.
   It affects your intelligence (+4).
   It affects your dexterity (+3).
   It affects your magic capacity (+9).
 P - a +7 giant spiked club
Missiles
 g - 3 throwing nets (quivered)
 G - 13 large rocks
Armour
 b - a +0 troll leather armour (worn)
 M - a +1 cloak (worn)
 W - a +2 hat of intelligence (worn)
Jewellery
 p - the ring "Ohosun" {rElec rC+++ Int-2 Dex+9 SInv Stlth-}
   (You found it on level 4 of the Lair of Beasts)

   [ring of see invisible]

   It affects your intelligence (-2).
   It affects your dexterity (+9).
   It renders you almost immune to cold.
   It insulates you from electricity.
   It lets you see invisible.
   It makes you less stealthy.
 s - a +4 ring of protection (left hand)
 t - an uncursed amulet of rage
 u - a +2 amulet of reflection (around neck)
 Z - a ring of wizardry (right hand)
Wands
 x - a wand of confusion (24/48)
 H - a wand of enslavement (7/24)
 O - a wand of confusion (12/48)
 Q - a wand of acid (10/15)
 R - a wand of enslavement (8/24)
 S - a wand of paralysis (1/24)
 T - a wand of digging (14/24)
 U - a wand of paralysis (10/24)
 V - a wand of polymorph (10/24)
Scrolls
 a - a scroll of immolation
 h - 3 scrolls of magic mapping
 j - 9 scrolls of enchant armour
 k - a scroll of blinking
 n - 2 scrolls of holy word
 o - 8 scrolls of remove curse
 r - 2 scrolls of vulnerability
 w - a scroll of identify
 z - 6 scrolls of fog
 A - a scroll of summoning
 Y - 2 scrolls of teleportation
Potions
 e - 5 potions of flight
 i - a potion of heal wounds
 q - 4 potions of agility
 v - 5 potions of lignification
 B - 2 potions of magic
 C - 9 potions of curing
 D - 3 potions of might
 E - 2 potions of haste
 F - a potion of brilliance
 I - 3 potions of mutation
 L - a potion of resistance
Books
 y - a book of Party Tricks

   Spells                             Type                      Level
   a - Summon Butterflies             Summoning                    1
   b - Apportation                    Translocation                1
   c - Lesser Beckoning               Translocation                3
   d - Tukima's Dance                 Hexes                        3
   e - Alistair's Intoxication        Transmutation/Poison         5
   f - Invisibility                   Hexes                        6
Comestibles
 d - 14 bread rations
 f - 12 royal jellies
 l - 8 fruits
 m - 15 meat rations


   Skills:
 - Level 6.4 Fighting
 - Level 12.5 Maces & Flails
 - Level 1.7 Dodging
 - Level 1.4 Stealth
 - Level 8.0 Spellcasting
 - Level 12.2 Conjurations
 + Level 3.6 Hexes
 - Level 0.8 Summonings
 - Level 2.0 Translocations
   Level 10.0 Fire Magic
 - Level 6.2 Ice Magic
 - Level 6.0 Air Magic
 - Level 6.0 Earth Magic
 - Level 2.0 Poison Magic


You had 6 spell levels left.
You knew the following spells:

 Your Spells              Type           Power        Failure   Level  Hunger
b - Blink                 Tloc           N/A          1%          2    None
c - Mephitic Cloud        Conj/Pois/Air  ######..     1%          3    None
d - Freezing Cloud        Conj/Ice/Air   ######....   3%          6    ######.
e - Summon Butterflies    Summ           ###.....     1%          1    None
f - Iron Shot             Conj/Erth      ######....   2%          6    ######.
g - Invisibility          Hex            ####....     82%         6    ######.


Dungeon Overview and Level Annotations

Branches:
Dungeon (14/15)            Temple (1/1) D:4            Lair (6/6) D:9
 Shoals (0/4) Lair:3       Spider (0/4) Lair:2        Slime (0/5) Lair:5
    Orc (1/2) D:11         Vaults (0/5) D:14

Altars:
Ashenzari
Cheibriados
Dithmenos
Elyvilon
Fedhas
Gozag
Hepliaklqana
Kikubaaqudgha
Makhleb
Nemelex Xobeh
Okawaru
Qazlal
Ru
Sif Muna
Trog
Uskayaw
Vehumet
Wu Jian
Xom
Yredelemnul
Zin
The Shining One
Jiyva

Shops:
D:4 (   D:9 (   D:10 ((

Portals:
Trove: D:10 (give 17 potions of curing)


Innate Abilities, Weirdness & Mutations

You are too large for most types of armour.
You have tough skin. (AC +1)
You have an increased reservoir of magic. (+10% MP)
You are robust. (+10% HP)


Message History

The wolf bites you but does no damage. x2; The wolf bites you!
* * * LOW HITPOINT WARNING * * *
The wolf closely misses you. The wolf bites you but does no damage.
The yak closely misses you.
Unknown command.
As you read the scroll of fear, it crumbles to dust.
You assume a fearsome visage.
The yak looks frightened!
The wolf looks frightened! x4; The komodo dragon looks frightened!
* * * LOW HITPOINT WARNING * * *
The komodo dragon is engulfed in freezing vapours.
You kill the komodo dragon!
Vehumet accepts your kill.
Cornered, the wolf turns to fight!
The yak barely misses you.
Cornered, the wolf turns to fight!
Unknown command.
You feel much better.
* * * LOW HITPOINT WARNING * * *
The wolf bites you but does no damage. x2; The wolf bites you.
* * * LOW HITPOINT WARNING * * *
You die...

.... .......
.... .......
..#. §§....
##... §§..#
...#.. §§..##
....##§§..P##
#.Yhh§.§..#
#§@.§§....
#§§§..§§§.#.
#§§§...P#..#
.......h## #
.........#h
.)........##
........##
......###


You could see a yak (fleeing) and 4 wolves.

Vanquished Creatures
  Gastronok (D:10)
  Snorg (Lair:4)
  Fannar (Lair:3)
  3 hydras
  2 dancing weapons (D:14)
  2 centaur warriors
  8 two-headed ogres
  A tengu warrior (D:13)
  9 skeletal warriors (D:13)
  2 slime creatures (D:14)
  2 unseen horrors
  The ghost of Execuda the Ruffian, a novice TrFi of Cheibriados (D:8)
  Pikel (D:4)
  A necromancer (Lair:4)
  A deep elf mage (D:14)
  10 ugly things
  A salamander (Lair:5)
  The ghost of Mulkerokala the Slasher, a novice HuWr of Elyvilon (D:6)
  2 manticores
  2 oklob plants (Lair:4)
  3 cyclopes
  11 elephants (Lair:5)
  2 merfolk sirens (Lair:3)
  Joseph (D:7)
  6 centaur skeletons
  10 spiny frogs
  6 black mambas
  5 komodo dragons
  2 merfolk (Lair:3)
  3 meliai (D:14)
  6 trolls
  Grinder (D:4)
  6 hippogriffs
  8 blink frogs
  2 vampires (D:13)
  A shadow (D:13)
  A water elemental (D:14)
  Sigmund (D:3)
  2 wraiths
  3 hogs (D:10)
  A human (D:10)
  2 wyverns
  3 hungry ghosts
  A basilisk (Lair:1)
  35 yaks
  4 vampire mosquitoes (D:12)
  9 water moccasins
  5 porcupines
  4 slaves (D:4)
  Duvessa (D:4)
  4 black bears
  4 sky beasts
  7 ice beasts
  9 orc warriors
  2 eyes of draining
  4 phantoms
  7 wolves
  12 centaurs
  11 crocodiles
  16 bullfrogs
  A big kobold (D:13)
  A water moccasin zombie (D:5)
  2 wyvern skeletons
  Dowan (D:4)
  3 scorpions
  9 wights
  15 killer bees
  2 electric eels
  A vampire bat (D:14)
  9 howler monkeys
  12 crimson imps
  2 lava snakes (Lair:2)
  3 centaur zombies
  A gnoll shaman (D:6)
  14 orc priests
  A bullfrog zombie (D:5)
  A bullfrog skeleton (D:4)
  14 hounds
  8 jellies
  10 orc wizards
  Ijyb (D:3)
  Natasha (thrice) (D:3)
  3 iguanas
  14 worker ants
  3 polar bear simulacra (Lair:4)
  3 yak simulacra (Lair:4)
  Terence (D:3)
  2 wolf simulacra (Lair:4)
  2 hound zombies (D:5)
  2 worker ant zombies
  A howler monkey zombie (D:7)
  Robin (D:3)
  23 adders
  4 river rats
  7 gnolls
  7 shadow imps
  An ooze (D:2)
  3 adder skeletons
  6 worms
  2 dart slugs
  7 leopard geckos
  61 orcs
  14 ball pythons
  10 giant cockroaches
  18 goblins
  14 hobgoblins
  11 jackals
  4 quokkas
  16 bats
  6 frilled lizards
  2 jackal skeletons (D:7)
  2 jackal zombies
  14 kobolds
  A leopard gecko zombie (D:6)
  A quokka zombie (D:5)
  44 rats
  3 river rat simulacra (Lair:4)
  A fire vortex (Lair:2)
  3 fungi (Lair:4)
  6 plants
710 creatures vanquished.

Vanquished Creatures (collateral kills)
  A killer bee (D:10)
1 creature vanquished.

Vanquished Creatures (others)
  A fire vortex (Lair:2)
  8 fungi
  4 plants
13 creatures vanquished.

Grand Total: 724 creatures vanquished

Notes
Turn   | Place    | Note
-------+----------+-------------------------------------------
     0 | D:1      | KrozogBurug the Ogre Wizard began the quest for the Orb.
     0 | D:1      | Reached XP level 1. HP: 16/16 MP: 5/5
    24 | D:1      | Reached skill level 1 in Conjurations
   309 | D:1      | Reached XP level 2. HP: 23/24 MP: 0/6
   313 | D:1      | Learned a level 2 spell: Blink
  1205 | D:1      | Reached XP level 3. HP: 31/31 MP: 2/8
  1210 | D:1      | Learned a level 3 spell: Mephitic Cloud
  1214 | D:1      | Learned a level 3 spell: Conjure Flame
  3691 | D:2      | You fall through a shaft!
  3694 | D:3      | Reached XP level 4. HP: 39/39 MP: 6/10
  3700 | D:3      | Noticed Sigmund
  3773 | D:3      | Noticed Ijyb
  3794 | D:3      | Killed Ijyb
  3797 | D:3      | Noticed Terence
  3816 | D:3      | Killed Terence
  3816 | D:3      | Reached XP level 5. HP: 34/45 MP: 0/11
  3848 | D:3      | Noticed Natasha
  3874 | D:3      | Reached skill level 1 in Air Magic
  3883 | D:3      | Killed Natasha
  4102 | D:3      | Found a glowing drain.
  4106 | Sewer    | Entered a sewer
  4140 | Sewer    | Reached skill level 1 in Fire Magic
  4178 | Sewer    | Reached XP level 6. HP: 52/53 MP: 5/12
  4331 | Sewer    | Reached skill level 1 in Translocations
  4808 | D:3      | Noticed Robin
  5043 | D:3      | Killed Robin
  5271 | D:3      | Reached XP level 7. HP: 59/59 MP: 7/13
  5287 | D:3      | Noticed Natasha
  5290 | D:3      | Killed Natasha
  5290 | D:3      | Reached skill level 5 in Conjurations
  5767 | D:3      | Noticed Natasha
  5784 | D:3      | Killed Natasha
  5803 | D:3      | Killed Sigmund
  6208 | D:2      | Found a glowing golden altar of the Shining One.
  6682 | D:2      | Found a glowing golden altar of the Shining One.
  7121 | D:2      | Found a glowing golden altar of the Shining One.
  7568 | D:4      | Noticed Dowan
  7601 | D:4      | Killed Dowan
  7601 | D:4      | Reached skill level 1 in Poison Magic
  7609 | D:4      | Noticed Duvessa
  7784 | D:4      | Killed Duvessa
  7784 | D:4      | Reached XP level 8. HP: 67/67 MP: 3/14
  8028 | D:4      | Found Kywied's Antique Weapon Emporium.
  8071 | D:4      | Noticed Grinder
  8071 | D:4      | Paralysed by Grinder for 4 turns
  8083 | D:4      | Killed Grinder
  8309 | D:4      | Noticed Pikel
  8629 | D:4      | Found a staircase to the Ecumenical Temple.
  8811 | D:4      | Killed Pikel
  8811 | D:4      | Reached skill level 5 in Fire Magic
  8978 | D:4      | Reached XP level 9. HP: 44/74 MP: 8/15
  9238 | Temple   | Entered the Ecumenical Temple
  9337 | Temple   | Became a worshipper of Vehumet
  9417 | D:5      | Entered Level 5 of the Dungeon
 12666 | D:6      | Noticed Mulkerokala's ghost (novice HuWr)
 12903 | D:6      | Reached * piety under Vehumet
 12903 | D:6      | Offered knowledge of Shock by Vehumet.
 12944 | D:6      | Killed Mulkerokala's ghost
 14919 | D:7      | Reached skill level 5 in Spellcasting
 15167 | D:7      | Reached XP level 10. HP: 54/81 MP: 1/17
 15477 | D:7      | Reached skill level 5 in Maces & Flails
 16078 | D:7      | Noticed Joseph
 16343 | D:7      | Killed Joseph
 16362 | D:7      | Offered knowledge of Searing Ray by Vehumet.
 16490 | D:7      | Learned a level 2 spell: Searing Ray
 17383 | D:8      | Reached ** piety under Vehumet
 17415 | D:8      | Gained mutation: You have large cloven feet. [mutagenic meat]
 18168 | D:8      | Noticed Execuda's ghost (novice TrFi)
 18621 | D:8      | Learned a level 1 spell: Summon Butterflies
 19016 | D:8      | Killed Execuda's ghost
 19444 | D:8      | Reached skill level 5 in Fighting
 19635 | D:9      | Noticed a two-headed ogre
 19883 | D:9      | Killed a two-headed ogre
 19883 | D:9      | Reached XP level 11. HP: 59/102 MP: 15/18
 19907 | D:9      | Offered knowledge of Throw Frost by Vehumet.
 20044 | D:9      | Found a bloodstained altar of Trog.
 20202 | D:9      | Found Hoimomy's Antique Weapon Boutique.
 20266 | D:9      | Found a staircase to the Lair.
 20371 | D:9      | Found a staircase to the Lair.
 20432 | D:9      | Found Hoimomy's Antique Weapon Boutique.
 20540 | D:9      | Found a bloodstained altar of Trog.
 20582 | D:10     | Entered Level 10 of the Dungeon
 20818 | D:9      | Reached *** piety under Vehumet
 21120 | D:10     | Found Kyeny's Antique Weapon Boutique.
 21125 | D:10     | Bought a jewelled great mace for 184 gold pieces
 21126 | D:10     | Identified the +3 great mace "Ugoidun" {crush, MP+9 Int+4 Dex+3} (You bought it in a shop on level 10 of the Dungeon)
 21132 | D:10     | Found Piumn's Weapon Emporium.
 21195 | D:10     | Found a portal to a secret trove of treasure.
 21198 | D:10     | Noticed a two-headed ogre
 21199 | D:10     | Noticed Gastronok
 21219 | D:10     | Killed a two-headed ogre
 21219 | D:10     | Reached skill level 10 in Conjurations
 21836 | D:10     | Killed Gastronok
 21916 | D:10     | Offered knowledge of Dazzling Spray by Vehumet.
 22477 | D:10     | Found a portal to a secret trove of treasure.
 22626 | D:10     | Found Piumn's Weapon Emporium.
 22631 | D:10     | Found Kyeny's Antique Weapon Boutique.
 22902 | D:11     | Noticed a cyan ugly thing
 22915 | D:11     | Reached skill level 10 in Maces & Flails
 22915 | D:11     | Killed a cyan ugly thing
 22980 | D:11     | Gained mutation: You are partially covered in rugged brown scales. (AC +1, +3% HP) [mutagenic meat]
 23039 | D:11     | Noticed a manticore
 23045 | D:11     | Killed a manticore
 23263 | D:11     | Reached XP level 12. HP: 65/114 MP: 19/19
 23480 | D:11     | Reached **** piety under Vehumet
 23509 | D:11     | Offered knowledge of Static Discharge by Vehumet.
 23852 | D:11     | Noticed a two-headed ogre
 23877 | D:11     | Killed a two-headed ogre
 23943 | D:11     | Noticed a two-headed ogre
 23966 | D:11     | Killed a two-headed ogre
 24054 | D:11     | Found a staircase to the Orcish Mines.
 24988 | D:11     | Noticed a two-headed ogre
 25002 | D:11     | Killed a two-headed ogre
 25716 | D:12     | Noticed a two-headed ogre
 25725 | D:12     | Killed a two-headed ogre
 26165 | D:12     | Noticed a two-headed ogre
 26177 | D:12     | Killed a two-headed ogre
 26565 | D:12     | Noticed a centaur warrior
 26578 | D:12     | Killed a centaur warrior
 27353 | D:13     | Reached XP level 13. HP: 72/121 MP: 19/20
 27911 | D:13     | Reached ***** piety under Vehumet
 27961 | D:13     | Offered knowledge of Bolt of Magma by Vehumet.
 28080 | D:12     | Learned a level 5 spell: Bolt of Magma
 28119 | D:13     | Reached skill level 1 in Earth Magic
 28862 | D:13     | Gained mutation: You are partially covered in thin metallic scales. (AC +2) [mutagenic meat]
 28863 | D:13     | Gained mutation: You evolve. [mutagenic meat]
 29376 | D:14     | Found a shimmering altar of Xom.
 29589 | D:14     | Reached XP level 14. HP: 64/134 MP: 13/23
 29591 | D:14     | Reached skill level 10 in Fire Magic
 29779 | D:14     | Offered knowledge of Iron Shot by Vehumet.
 29927 | D:14     | Learned a level 6 spell: Iron Shot
 29936 | D:14     | Found a gate to the Vaults.
 30475 | D:14     | Found a bloodstained altar of Trog.
 30671 | Orc:1    | Entered Level 1 of the Orcish Mines
 30770 | Lair:1   | Entered Level 1 of the Lair of Beasts
 30815 | Lair:1   | Lost mutation: You are partially covered in rugged brown scales. (AC +1, +3% HP) [evolution]
 30840 | Lair:1   | Reached skill level 5 in Earth Magic
 31243 | Lair:1   | Learned a level 6 spell: Freezing Cloud
 32082 | Lair:2   | Reached skill level 1 in Ice Magic
 32146 | Lair:2   | Found a hole to the Spider Nest.
 32830 | Lair:3   | Found a glowing golden altar of the Shining One.
 33093 | Lair:3   | Found a staircase to the Shoals.
 33149 | Lair:3   | Noticed Fannar
 33779 | Lair:3   | Killed Fannar
 33933 | Lair:3   | Reached skill level 5 in Ice Magic
 34221 | Lair:4   | Noticed Snorg
 34260 | Lair:4   | Killed Snorg
 34818 | Lair:4   | Got a coiled ivory ring
 34821 | Lair:4   | Identified the ring "Ohosun" {rElec rC+++ Int-2 Dex+9 SInv Stlth-} (You found it on level 4 of the Lair of Beasts)
 34988 | Lair:4   | Gained mutation: You are clumsy. (Dex -2) [evolution]
 34988 | Lair:4   | Lost mutation: You evolve. [end of evolution]
 34989 | Lair:4   | Lost mutation: You are clumsy. (Dex -2) [potion of mutation]
 34989 | Lair:4   | Lost mutation: You are partially covered in thin metallic scales. (AC +2) [potion of mutation]
 34989 | Lair:4   | Lost mutation: You have large cloven feet. [potion of mutation]
 34989 | Lair:4   | Gained mutation: You have an increased reservoir of magic. (+10% MP) [potion of mutation]
 34989 | Lair:4   | Gained mutation: You are robust. (+10% HP) [potion of mutation]
 35807 | Lair:5   | Reached XP level 15. HP: 82/150 MP: 24/29
 35812 | Lair:5   | Reached skill level 5 in Air Magic
 36191 | Lair:5   | Learned a level 6 spell: Invisibility
 36301 | Lair:5   | Offered knowledge of Poison Arrow by Vehumet.
 36461 | Lair:5   | Found a staircase to the Slime Pits.
 36462 | Lair:5   | Found a viscous altar of Jiyva.
 36564 | Lair:5   | Reached skill level 1 in Hexes
 37036 | Lair:6   | Entered Level 6 of the Lair of Beasts
 37050 | Lair:6   | Engulfed by a cloud of freezing vapour

Vault maps used:
D:1:      arrival_zaba_pyramid, roderic_lattice_a,
          hangedman_decor_clover_reticule, minmay_heptomino_h4
D:2:      first_bread, tso_metal_star
D:3:      gup_sewer_entry_spiral, uniq_terence, uniq_natasha, uniq_sigmund,
          uniq_robin, uniq_iyjb
D:4:      minmay_temple_entry_glassed_door, serial_shops, shop,
          minmay_misc_feat_iff, uniq_grinder, uniq_duvessa, uniq_pikel
D:5:      serial_undead, serial_undead_e, serial_undead_c, serial_undead_e,
          serial_undead_e
D:7:      uniq_joseph
D:9:      trog_eyes_of_draining, dpeg_oklobed_lair, serial_shops, shop_statue,
          serial_glass, glass_columns_c, glass_columns_b, glass_columns_b,
          glass_columns_a, glass_columns_c, glass_columns_b
D:10:     serial_shops, nicolae_shop_behind_doors, shop, enter_trove_1,
          grunt_livestock, uniq_gastronok
D:11:     david_orc_4, item_on_display_a
D:14:     erik_vaults_1, infiniplex_staircase_hallway_doors, roderic_batcave,
          minivault_4, hangedman_feature_mirror
Temple:   regret_index_temple_sigil_plot
Lair:2:   nicolae_spider_entry_non_spiders, infiniplex_staircase_pool
Lair:3:   elwin_shoals_entry_stream, basic_altar, st_stairs_5,
          grunt_megastairs_5, lemuel_fruit_tree, serial_bayou_shore_b,
          uniq_fannar
Lair:4:   eino_house_with_fridge, minmay_lair_oklob_chamber, uniq_snorg
Lair:5:   slime_altar_1, grunt_megastairs_4, lemuel_fruit_fields
Lair:6:   hangedman_lair_in_review
Orc:1:    uniq_erolcha
Sewer:    sewer_minmay_w

Skill      XL: |  1  2  3  4  5  6  7  8  9 10 11 12 13 14 15 |
---------------+----------------------------------------------+-----
Conjurations   | 1 2 3 4 5 8 10 12 | 12.2
Spellcasting   | 4 5 6 8 |  8.0
Air Magic      | 2 4 6 |  6.0
Fire Magic     | 1 2 6 8 9 10 | 10.0
Translocations | 2 |  2.0
Poison Magic   | 1 2 |  2.0
Maces & Flails | 2 4 8 10 12 | 12.5
Fighting       | 5 6 |  6.4
Earth Magic    | 4 6 |  6.0
Ice Magic      | 6 |  6.2
Hexes          | 3 |  3.6
Dodging        | |  1.7
Stealth        | |  1.4
Summonings     | |  0.8

Action                   |  1- 3 |  4- 6 |  7- 9 | 10-12 | 13-15 || total
-------------------------+-------+-------+-------+-------+-------++-------
Melee: Club              |    72 |    35 |       |       |       ||   107
       Dagger            |       |   171 |   184 |       |       ||   355
       Morningstar       |       |       |   198 |   111 |       ||   309
       Flail             |       |       |       |   197 |       ||   197
       Kick              |       |       |       |    86 |   118 ||   204
       Great mace        |       |       |       |   241 |   681 ||   922
Throw: Javelin           |       |     4 |       |     1 |       ||     5
 Cast: Magic Dart        |    74 |    92 |   348 |    71 |       ||   585
       Mephitic Cloud    |       |     1 |     8 |    18 |     1 ||    28
       Conjure Flame     |       |       |    13 |    41 |    26 ||    80
       Blink             |       |       |     1 |     3 |     6 ||    10
       Searing Ray       |       |       |       |    80 |    37 ||   117
       Summon Butterflie |       |       |       |     1 |       ||     1
       Bolt of Magma     |       |       |       |       |    28 ||    28
       Iron Shot         |       |       |       |       |    51 ||    51
       Freezing Cloud    |       |       |       |       |    17 ||    17
Evoke: Wand              |       |       |     6 |     1 |     4 ||    11
  Use: Scroll            |       |     2 |    18 |    11 |    18 ||    49
       Potion            |       |     2 |       |     1 |     4 ||     7
 Stab: Sleeping          |       |     2 |       |     1 |     1 ||     4
       Distracted        |       |       |     1 |     1 |       ||     2
       Confused          |       |       |     2 |     3 |       ||     5
  Eat: Chunk             |     8 |     6 |    28 |    39 |    50 ||   131
       Fruit             |       |       |     4 |     7 |    16 ||    27
Armor: Robe              |    39 |   139 |       |   124 |       ||   302
       Animal skin       |       |     2 |   196 |   137 |       ||   335
       Troll leather arm |       |       |       |    17 |   427 ||   444
Dodge: Dodged            |    40 |   146 |   222 |   324 |   358 ||  1090
Block: Other             |       |    24 |    31 |    38 |    44 ||   137
       Reflection        |       |       |       |     5 |     2 ||     7
